 Dungeon Crawl Stone Soup version 0.26-a0-113-gd8a95b691d (webtiles) character file.

Game seed: 14585855242951139124

87651 Bikalo the Carver (level 15, -6/228 HPs)
             Began as a Demonspawn Chaos Knight on June 27, 2020.
             Was a Plaything of Xom.
             Mangled by an entropy weaver (8 damage)
             ... on level 2 of the Spider Nest.
             The game lasted 00:50:41 (24554 turns).

Bikalo the Carver (Demonspawn Chaos Knight)        Turns: 24554, Time: 00:50:42

Health: -6/228     AC: 19    Str: 22    XL:     15   Next: 44%
Magic:  23/23      EV:  2    Int: 20    God:    Xom [.....*]
Gold:   7419       SH:  0    Dex: 15    Spells: 13/14 levels left

rFire    . . .     SeeInvis +   A - +3 demon blade (elec)
rCold    . . .     Faith    .   e - +0 buckler
rNeg     + + +     Spirit   .   (armour currently unavailable)
rPois    +         Reflect  +   (helmet currently unavailable)
rElec    .         Harm     .   (cloak currently unavailable)
rCorr    .         NoTele   +   (gloves currently unavailable)
MR       +++..                  (boots unavailable)
Stlth    +.........             f - amulet of reflection
HPRegen  0.88/turn              o - +4 ring of slaying
MPRegen  0.18/turn              L - +6 ring of intelligence

@: confused, lethally poisoned (-6 -> -28), tree-form (expiring), corroded
A: see invisible, agile 1, high mp 2, magic resistance 2, negative energy
resistance 1, sense surroundings 1, regeneration 1, robust 3, strong 2,
evolution 1, freezing cloud immunity
a: Renounce Religion


You were on level 2 of the Spider Nest.
You worshipped Xom.
You were Xom's teddy bear.
You were not hungry.
You were a tree.
You visited 4 branches of the dungeon, and saw 22 of its levels.
You visited the Abyss 1 time.

You collected 8086 gold pieces.
You spent 667 gold pieces at shops.

Inventory:

Hand Weapons
 A - a +3 demon blade of electrocution (weapon)
Armour
 e - a +0 buckler (worn)
 r - a +0 plate armour of fire resistance (melded)
 J - a +1 cloak of preservation (melded)
 S - a +1 hat of magic resistance (melded)
Jewellery
 a - the ring of Checkmate {rCorr Int+4 Stlth-}
   (You found it on level 6 of the Lair of Beasts)

   [ring of resist corrosion]

   It affects your intelligence (+4).
   It provides partial protection from all sources of acid and corrosion.
   It makes you less stealthy.
 f - an amulet of reflection (around neck)
 o - a +4 ring of slaying (left branch)
 w - an uncursed ring of magical power {unknown}
 L - a +6 ring of intelligence (right branch)
 Z - a cursed ring of teleportation {unknown}
Wands
 u - a wand of flame (78)
 z - a wand of disintegration (32)
 D - a wand of polymorph (26)
 G - a wand of acid (6)
 H - a wand of random effects (23)
 Y - a wand of iceblast (6)
Scrolls
 b - 4 scrolls of amnesia
 c - a scroll of magic mapping {unknown}
 d - a scroll of torment {unknown}
 g - a scroll of brand weapon
 h - a scroll of noise {unknown}
 i - 5 scrolls of identify
 j - a scroll of enchant weapon
 l - 8 scrolls of remove curse
 m - 2 scrolls of enchant armour
 p - 9 scrolls of teleportation
 v - a scroll of summoning {unknown}
 y - 4 scrolls of fear
 F - a scroll of fog
 O - 2 scrolls of blinking
 Q - a scroll of acquirement
 T - a scroll of vulnerability {unknown}
Potions
 k - 4 potions of resistance
 n - 4 potions of brilliance
 s - 2 potions of magic {unknown}
 t - 2 potions of curing
 x - a potion of lignification
 B - a potion of cancellation {unknown}
 E - 2 potions of flight
 K - 3 potions of mutation {unknown}
 N - 2 potions of stabbing
 P - 2 potions of berserk rage {unknown}
 R - 2 potions of degeneration {unknown}
Miscellaneous
 C - a lightning rod (4/4)
 X - a tin of tremorstones (3/3)
Comestibles
 q - 16 rations


   Skills:
 + Level 10.9 Fighting
 + Level 14.3 Long Blades
   Level 11.0 Polearms
 + Level 10.8 Armour
 - Level 7.0 Dodging
 + Level 7.1 Shields
 - Level 3.0 Conjurations
 + Level 5.8 Evocations


You had 13 spell levels left.
You knew the following spells:

 Your Spells              Type           Power        Failure   Level  Hunger
a - Magic Dart            Conj           ##..         5%          1    ##.....

Your spell library contained the following spells:

 Spells                   Type           Power        Failure   Level  Hunger
 Searing Ray              Conj           ##....       9%          2    ###....
 Beastly Appendage        Tmut           #.....       19%         1    ##.....
 Corona                   Hex            #......      19%         1    ##.....
 Freeze                   Ice            #...         19%         1    ##.....
 Infusion                 Chrm           #...         19%         1    ##.....
 Sting                    Tmut/Pois      #...         19%         1    ##.....
 Ensorcelled Hibernation  Hex/Ice        #.....       28%         2    ###....
 Poisonous Vapours        Pois/Air       #.....       28%         2    ###....
 Shroud of Golubria       Chrm/Tloc      #.....       28%         2    ###....
 Song of Slaying          Chrm           #.......     28%         2    ###....
 Sticks to Snakes         Tmut           #.......     28%         2    ###....
 Dazzling Flash           Conj/Hex       #.....       30%         3    ####...
 Mephitic Cloud           Conj/Pois/Air  #.......     36%         3    ####...
 Confusing Touch          Hex            #.......     50%         3    ####...
 Frozen Ramparts          Ice            #.....       50%         3    ####...
 Ignite Poison            Fire/Tmut/Pois #.......     50%         3    ####...
 Ozocubu's Armour         Chrm/Ice       #.......     50%         3    ####...
 Spectral Weapon          Hex/Chrm       #.......     50%         3    ####...
 Spider Form              Tmut/Pois      #.........   50%         3    ####...
 Tukima's Dance           Hex            #.......     50%         3    ####...
 Fulminant Prism          Conj/Hex       #.........   71%         4    #####..
 Hailstorm                Conj/Ice       #.......     71%         4    #####..
 Iskenderun's Mystic Bla  Conj/Tloc      #.......     71%         4    #####..
 Ice Form                 Ice/Tmut       #.......     88%         4    #####..
 Olgreb's Toxic Radiance  Pois           #.......     88%         4    #####..
 Summon Ice Beast         Ice/Summ       #.......     88%         4    #####..
 Blade Hands              Tmut           #.........   99%         5    ######.


Dungeon Overview and Level Annotations

Branches:
Dungeon (12/15)            Temple (0/1) D:5            Lair (6/6) D:9
 Shoals (0/4) Lair:2       Spider (2/4) Lair:2        Slime (0/5) Lair:6
    Orc (2/2) D:10            Elf (0/3) Orc:2

Altars:
Fedhas
Gozag
Hepliaklqana
Kikubaaqudgha
Nemelex Xobeh
Okawaru
Uskayaw
Vehumet
Wu Jian
Xom
Yredelemnul
Zin
Beogh
Jiyva

Shops:
D:11 ?   Orc:2 *([*


Innate Abilities, Weirdness & Mutations

((You have hooves in place of feet.))
((You are completely covered in slimy green scales. (AC +4, rPois)))
((Your flesh is almost immune to the effects of cold. (rC+++)))
You resist negative energy. (rN+)
((You are partially covered in sharp spines.))
You are immune to freezing clouds.
((You have sharp fingernails.))
You have supernaturally acute eyesight. (SInv)
You are agile. (Dex +2)
((You can translocate small distances at will.))
You have a considerably increased reservoir of magic. (+20% MP)
You are highly resistant to hostile enchantments. (MR++)
You passively map a small area around you.
((Your system is resistant to poisons. (rPois)))
Your natural rate of healing is unusually fast.
You are extremely robust. (+30% HP)
((You are resistant to electric shocks. (rElec)))
Your muscles are very strong. (Str +4)
You evolve.


Message History

You cannot move. (Use ctrl+direction or * direction to attack without moving.) Unknown command.
You cannot move. (Use ctrl+direction or * direction to attack without moving.) Unknown command.
You are more confused.
You feel invigorated.
You feel yourself speed up.
* * * LOW HITPOINT WARNING * * *
You feel very sick. The redback bites you.
* * * LOW HITPOINT WARNING * * *
The redback bites you but does no damage.
The tarantella bites you but does no damage.
The wolf spider hits you!
* * * LOW HITPOINT WARNING * * *
The wolf spider bites you but does no damage.
The redback bites you but does no damage.
The entropy weaver hits you!
You die...
Xom thinks this is hilarious!

^ , , , , .... ,,,
, .... , , , ...?.
,< ##* * ..... ,
*##.#
......,,##...# , ,
, ,
......###s...#8 ,
.....ssys♣s..# ,
......ssssa.## ,
>......ssw...# , *
..$...........# ,
s....^......)## ,
,
................,
, s..#............
, ,
,...#.............
, ..
#.............


You could see an entropy weaver, a spark wasp, a torpor snail, a demonic
crawler, a wolf spider, a jumping spider, 2 tarantellas and 6 redbacks.

Vanquished Creatures
  Rupert (Lair:5)
  Gastronok (Lair:2)
  Kirke (Lair:6)
  A ghost moth (Spider:1)
  An ettin (Orc:1)
  Snorg (Lair:5)
  10 hydras
  A catoblepas (Lair:6)
  10 death yaks
  Erica (Lair:2)
  A tengu warrior (D:10)
  6 two-headed ogres
  An ogre mage (Orc:2)
  A deep troll shaman (Lair:6)
  The ghost of mrsnowman the Bolt Thrower, a novice DsHu of Okawaru (D:7)
  8 orc knights
  A wolf spider zombie (D:12)
  An orc sorcerer (Orc:2)
  A cyclops (D:12)
  A deep elf mage (D:12)
  4 orb spiders (Spider:1)
  2 ugly things
  5 wolf spiders
  A salamander (Lair:6)
  A moth of wrath (shapeshifter) (D:4)
  A merfolk siren (Lair:2)
  Maurice (D:11)
  A guardian serpent (Spider:1)
  7 elephants (Lair:6)
  3 black mambas
  2 torpor snails (Lair:6)
  Psyche (D:11)
  4 spiny frogs
  4 kobold demonologists
  3 demonic crawlers (Spider:1)
  9 komodo dragons
  A centaur skeleton (D:12)
  3 rime drakes
  8 jumping spiders (Spider:1)
  3 merfolk (Lair:2)
  6 trolls
  3 hornets
  16 blink frogs
  6 dream sheep
  5 hippogriffs
  14 redbacks
  3 wyverns
  A wraith (D:10)
  12 tarantellas
  56 yaks
  4 hogs (Lair:6)
  5 basilisks
  Menkaure (D:7)
  An acid dragon (D:11)
  7 wargs
  14 water moccasins
  3 porcupines
  4 ice beasts
  27 orc warriors
  A sky beast (D:6)
  3 black bears
  11 ogres
  A necrophage (D:10)
  11 wolves
  10 centaurs
  13 crocodiles
  12 bullfrogs
  6 big kobolds (D:7)
  A wyvern zombie (D:9)
  4 scorpions
  22 killer bees
  3 howler monkeys
  3 electric eels
  5 crimson imps
  2 bullfrog zombies
  A quasit (D:12)
  3 centaur zombies
  4 hounds
  10 orc priests
  3 bullfrog skeletons
  6 jellies
  6 worker ants
  9 orc wizards
  A hound zombie (D:6)
  2 worker ant zombies
  Robin (D:2)
  7 gnolls
  14 adders
  4 shadow imps
  3 oozes
  An adder zombie (D:8)
  An adder skeleton (D:5)
  2 worms
  3 dart slugs
  7 leopard geckos
  69 orcs
  2 ball pythons
  8 giant cockroaches
  8 hobgoblins
  12 iguanas
  12 jackals
  10 kobolds
  A quokka (D:5)
  A ball python zombie (D:5)
  11 bats
  7 frilled lizards
  A giant cockroach zombie (D:5)
  19 goblins
  A quokka skeleton (D:5)
  8 rats
  A plant (Lair:6)
669 creatures vanquished.

Vanquished Creatures (collateral kills)
  Harold (D:10)
  An orc knight (Orc:2)
  2 orb spiders (Spider:1)
  A gargoyle (D:10)
  A basilisk (Lair:2)
  2 orc priests
  An iguana (Lair:2)
  4 orcs (Orc:2)
  A kobold (D:12)
14 creatures vanquished.

Vanquished Creatures (others)
  A wolf spider (Spider:1)
  A tarantella (Spider:1)
  2 humans (Lair:6)
  2 yaks (Lair:6)
  An orc warrior (Orc:2)
  3 big kobolds
  A gnoll (D:2)
  3 orcs (Orc:2)
  3 bushes (Lair:6)
  9 fungi
  9 plants (Lair:6)
35 creatures vanquished.

Grand Total: 718 creatures vanquished

Notes
Turn   | Place    | Note
-------+----------+-------------------------------------------
     0 | D:1      | Bikalo the Demonspawn Chaos Knight began the quest for the
                  | Orb.
     0 | D:1      | Reached XP level 1. HP: 18/18 MP: 1/1
    66 | D:1      | Reached skill level 1 in Dodging
   161 | D:1      | XOM: divination: magic mapping
   226 | D:1      | Gained mutation: You are partially covered in slimy green
                  | scales. (AC +2) [demonic ancestry]
   226 | D:1      | Reached XP level 2. HP: 23/24 MP: 2/2
   657 | D:2      | XOM: 1-stop teleportation journey
   733 | D:2      | Gained mutation: You are partially covered in sharp spines.
                  | [demonic ancestry]
   733 | D:2      | Reached XP level 3. HP: 29/29 MP: 3/3
  1405 | D:2      | Gained mutation: Your flesh is cold resistant. (rC+)
                  | [demonic ancestry]
  1405 | D:2      | Reached XP level 4. HP: 11/35 MP: 4/4
  1461 | D:2      | XOM: noise
  2296 | D:2      | Noticed Robin
  2311 | D:2      | Killed Robin
  2418 | D:2      | Found a basalt altar of Yredelemnul.
  2547 | D:2      | Reached XP level 5. HP: 31/42 MP: 5/5
  2628 | D:2      | XOM: silly message
  3142 | D:3      | XOM: enchant monster (bad)
  3175 | D:3      | XOM: stat loss: -1 Dex (11/12)
  3362 | D:3      | XOM: torment (22/42 hp)
  3441 | D:3      | XOM: noise
  3589 | D:3      | Found an opulent altar of Gozag.
  3590 | D:3      | Found a sparkling altar of Nemelex Xobeh.
  3638 | D:3      | Noticed an ice beast
  3643 | D:3      | XOM: 1-stop teleportation journey
  3673 | D:3      | XOM: summons 2 hostile demons
  4028 | D:3      | XOM: summons 1 hostile shadow creature
  4222 | D:3      | Killed an ice beast
  4222 | D:3      | Gained mutation: You have large cloven feet. [demonic
                  | ancestry]
  4222 | D:3      | Reached XP level 6. HP: 44/48 MP: 6/6
  4305 | D:4      | XOM: confuse monster(s)
  4539 | D:4      | XOM: god gift: 910 gold pieces
  4599 | D:4      | XOM: fog
  4601 | D:4      | XOM: cleaving
  4603 | D:4      | Noticed a glowing shapeshifter
  4603 | D:4      | an ogre changed into a glowing shapeshifter
  4604 | D:4      | Noticed a torpor snail
  4604 | D:4      | a glowing shapeshifter changed into a torpor snail
  4605 | D:4      | Noticed a swamp worm
  4605 | D:4      | a torpor snail changed into a swamp worm
  4611 | D:4      | Noticed a swamp dragon
  4611 | D:4      | a swamp worm changed into a swamp dragon
  4614 | D:4      | Noticed a moth of wrath
  4614 | D:4      | a swamp dragon changed into a moth of wrath
  4615 | D:4      | Killed a moth of wrath
  4615 | D:4      | Reached skill level 5 in Polearms
  4615 | D:4      | Gained mutation: You are mostly covered in slimy green
                  | scales. (AC +3) [demonic ancestry]
  4615 | D:4      | Reached XP level 7. HP: 40/55 MP: 7/7
  4836 | D:4      | Found a blossoming altar of Fedhas.
  4868 | D:4      | XOM: give mutations
  4868 | D:4      | Gained mutation: Your flesh is very cold resistant. (rC++)
                  | [Xom's grace]
  4868 | D:4      | Gained mutation: You are agile. (Dex +2) [Xom's grace]
  4868 | D:4      | Gained mutation: You evolve. [Xom's grace]
  4868 | D:4      | Gained mutation: You have supernaturally acute eyesight.
                  | (SInv) [Xom's grace]
  4951 | D:4      | Found a hazy altar of Hepliaklqana.
  5062 | D:5      | Entered Level 5 of the Dungeon
  5063 | D:5      | XOM: give mutation
  5063 | D:5      | Gained mutation: You are robust. (+10% HP) [Xom's grace]
  5129 | D:5      | Reached skill level 5 in Fighting
  5165 | D:5      | XOM: fog
  5177 | D:5      | Gained mutation: You are immune to freezing clouds.
                  | [demonic ancestry]
  5177 | D:5      | Reached XP level 8. HP: 68/68 MP: 8/8
  5203 | D:5      | XOM: fake destruction
  5216 | D:5      | Found a radiant altar of Vehumet.
  5311 | D:5      | Found a staircase to the Ecumenical Temple.
  5842 | D:5      | XOM: cloud trail
  5960 | D:5      | XOM: silly message
  6026 | D:6      | Found a shimmering altar of Xom.
  6079 | D:6      | XOM: silly message
  6203 | D:6      | Reached skill level 5 in Armour
  6394 | D:6      | XOM: enchant monster (bad)
  6404 | D:6      | Gained mutation: You are completely covered in slimy green
                  | scales. (AC +4, rPois) [demonic ancestry]
  6404 | D:6      | Reached XP level 9. HP: 54/75 MP: 9/9
  6504 | D:6      | Found an ornate altar of the Wu Jian Council.
  6896 | D:7      | XOM: scenery: create altars
  6974 | D:7      | Noticed Menkaure
  6980 | D:7      | Killed Menkaure
  6980 | D:7      | Reached skill level 5 in Dodging
  7124 | D:7      | XOM: god gift: scroll labeled UFUGAELIES {god gift}
  7144 | D:7      | XOM: 1-stop teleportation journey
  7224 | D:7      | XOM: 1-stop teleportation journey
  7228 | D:7      | Found a runed translucent gate.
  7228 | D:7      | Found a runed translucent gate.
  7228 | D:7      | Found a runed translucent gate.
  7229 | D:7      | Noticed a kobold demonologist
  7234 | D:7      | Identified the +8 whip of Sandy Courage {drain, *Noise rF++
                  | Int+5}
  7234 | D:7      | Noticed mrsnowman's ghost (novice DsHu)
  7288 | D:7      | Noticed an ice devil
  7290 | D:7      | Noticed a rust devil
  7293 | D:7      | XOM: cast spell 'Leda's Liquefaction'
  7294 | D:7      | Killed a kobold demonologist
  7298 | D:7      | XOM: enchant monster (good)
  7299 | D:7      | XOM: confuse monster(s)
  7352 | D:7      | XOM: fog
  7374 | D:7      | Killed mrsnowman's ghost
  7600 | D:7      | XOM: 9-stop teleportation journey
  7603 | D:7      | XOM: divination: detect items
  7606 | D:7      | XOM: divine lightning
  8756 | D:8      | XOM: god gift: naga barding {god gift}
  8778 | D:8      | Noticed a two-headed ogre
  8782 | D:8      | XOM: fog
  8795 | D:8      | Killed a two-headed ogre
  8795 | D:8      | Reached XP level 10. HP: 56/86 MP: 10/10
  8810 | D:8      | Found a hide-covered altar of Uskayaw.
  8810 | D:8      | XOM: 3-stop teleportation journey
  9049 | D:8      | XOM: 1-stop teleportation journey
  9084 | D:8      | Noticed a green ugly thing
  9087 | D:8      | XOM: silly message
  9088 | D:8      | XOM: scenery: create altars
  9094 | D:8      | Killed a green ugly thing
  9153 | D:8      | Gained mutation: You are resistant to hostile enchantments.
                  | (MR+) [evolution]
  9554 | D:8      | XOM: summons 3 hostile shadow creatures
  9593 | D:8      | XOM: scenery: 1 doors open
  9817 | D:8      | XOM: scenery: create altars
 10121 | D:8      | Identified a scroll of acquirement
 10401 | D:9      | Got a thick robe
 10414 | D:9      | XOM: give mutations
 10414 | D:9      | Gained mutation: You have sharp fingernails. [Xom's
                  | mischief]
 10414 | D:9      | Lost mutation: You are robust. (+10% HP) [Xom's mischief]
 10480 | D:9      | XOM: cleaving
 10482 | D:9      | Reached skill level 10 in Polearms
 10494 | D:9      | Found an iron altar of Okawaru.
 10495 | D:9      | Found a radiant altar of Vehumet.
 10500 | D:9      | Found a blossoming altar of Fedhas.
 10653 | D:9      | Found a glowing silver altar of Zin.
 10705 | D:9      | XOM: give mutations
 10705 | D:9      | Gained mutation: Your system is resistant to poisons.
                  | (rPois) [Xom's grace]
 10705 | D:9      | Gained mutation: Your muscles are strong. (Str +2) [Xom's
                  | grace]
 10705 | D:9      | Gained mutation: You passively map a small area around you.
                  | [Xom's grace]
 10741 | D:9      | Found an ancient bone altar of Kikubaaqudgha.
 10824 | D:9      | XOM: blink monster(s)
 10846 | D:9      | Noticed a two-headed ogre
 10850 | D:9      | Reached XP level 11. HP: 86/87 MP: 11/11
 10860 | D:9      | Killed a two-headed ogre
 11066 | D:9      | XOM: scenery: create altars
 11132 | D:9      | Found a staircase to the Lair.
 11290 | D:10     | Entered Level 10 of the Dungeon
 11300 | D:10     | Noticed Harold
 11302 | D:10     | XOM: cleaving
 11309 | D:10     | XOM: summons 2 friendly demons
 11321 | D:10     | XOM: summons 9 friendly demons
 11330 | D:10     | Killed Harold
 11523 | D:10     | Reached skill level 1 in Long Blades
 11677 | D:10     | XOM: god gift: 18 gold pieces
 11745 | D:10     | Noticed a tengu warrior
 11754 | D:10     | XOM: smoke on damage
 11759 | D:10     | Killed a tengu warrior
 11759 | D:10     | Reached skill level 2 in Long Blades
 11992 | D:10     | XOM: scenery: 1 doors open, 2 doors close
 12004 | D:10     | Noticed a two-headed ogre
 12004 | D:10     | XOM: cast spell 'Disjunction'
 12016 | D:10     | Killed a two-headed ogre
 12016 | D:10     | Reached skill level 3 in Long Blades
 12271 | D:10     | Found a staircase to the Orcish Mines.
 12463 | D:11     | Identified the +1 robe of Uzocozue {rN+ rCorr} (You found
                  | it on level 9 of the Dungeon)
 12572 | D:11     | Noticed Maurice
 12581 | D:11     | Killed Maurice
 12581 | D:11     | Reached skill level 4 in Long Blades
 12640 | D:11     | Identified the +12 rapier "Ennuofom" {vorpal, Int+7 SInv}
 12643 | D:11     | XOM: confuse monster(s)
 12725 | D:11     | Reached skill level 1 in Shields
 12833 | D:11     | Noticed Psyche
 12833 | D:11     | XOM: divination: detect creatures
 12834 | D:11     | XOM: confuse monster(s)
 12838 | D:11     | Killed Psyche
 12919 | D:11     | XOM: give mutations
 12919 | D:11     | Gained mutation: Your muscles are very strong. (Str +4)
                  | [Xom's grace]
 12919 | D:11     | Gained mutation: You have an increased reservoir of magic.
                  | (+10% MP) [Xom's grace]
 12919 | D:11     | Gained mutation: You are resistant to electric shocks.
                  | (rElec) [Xom's grace]
 12919 | D:11     | Gained mutation: You have hoof-like feet. [Xom's grace]
 13050 | D:11     | Found Xasojuful's Magic Scroll Emporium.
 13058 | D:11     | Bought a scroll of enchant weapon for 120 gold pieces
 13216 | D:12     | Reached skill level 5 in Long Blades
 13217 | D:12     | Reached XP level 12. HP: 79/95 MP: 13/13
 13307 | D:12     | XOM: give mutations
 13307 | D:12     | Gained mutation: You are highly resistant to hostile
                  | enchantments. (MR++) [Xom's grace]
 13307 | D:12     | Gained mutation: Your flesh is almost immune to the effects
                  | of cold. (rC+++) [Xom's grace]
 13307 | D:12     | Gained mutation: You have a considerably increased
                  | reservoir of magic. (+20% MP) [Xom's grace]
 13307 | D:12     | Gained mutation: You are very agile. (Dex +4) [Xom's grace]
 13309 | D:12     | XOM: noise
 13432 | D:12     | XOM: summons friendly crimson imp
 13744 | D:12     | XOM: scenery: 1 doors close
 13746 | D:12     | Reached skill level 6 in Long Blades
 13750 | D:12     | Cast into level 1 of the Abyss (orc)
 13764 | Abyss:1  | XOM: fake destruction
 13801 | D:12     | Escaped the Abyss
 13977 | D:12     | XOM: enchant monster (good)
 13988 | D:12     | XOM: summons 2 friendly demons
 14043 | D:12     | Learned a level 1 spell: Magic Dart
 14064 | D:12     | XOM: give mutations
 14064 | D:12     | Gained mutation: You are robust. (+10% HP) [Xom's grace]
 14064 | D:12     | Gained mutation: You are very robust. (+20% HP) [Xom's
                  | grace]
 14135 | Orc:1    | Entered Level 1 of the Orcish Mines
 14170 | Orc:1    | XOM: give mutations
 14170 | Orc:1    | Gained mutation: Your natural rate of healing is unusually
                  | fast. [Xom's grace]
 14170 | Orc:1    | Lost mutation: You evolve. [Xom's grace]
 14170 | Orc:1    | Gained mutation: You are somewhat resistant to further
                  | mutation. [Xom's grace]
 14182 | Orc:1    | You fall into a shaft and drop 1 floor!
 14182 | Orc:2    | Entered Level 2 of the Orcish Mines
 14182 | Orc:2    | Found a staircase to the Elven Halls.
 14184 | Orc:2    | XOM: fog
 14197 | Orc:2    | Noticed a two-headed ogre
 14201 | Orc:2    | XOM: divine lightning
 14202 | Orc:2    | XOM: scenery: create altars
 14213 | Orc:2    | Reached skill level 1 in Conjurations
 14245 | Orc:2    | XOM: cast spell 'Discord'
 14353 | Orc:2    | Reached skill level 7 in Long Blades
 14489 | Orc:2    | Found a roughly hewn altar of Beogh.
 14524 | Orc:2    | XOM: destruction
 14534 | Orc:2    | XOM: enchant monster (good)
 14563 | Orc:2    | XOM: enchant monster (bad)
 14566 | Orc:2    | XOM: confuse monster(s)
 14578 | Orc:1    | XOM: fake destruction
 14626 | Orc:1    | Found a roughly hewn altar of Beogh.
 14686 | Orc:1    | XOM: silly message
 14701 | Orc:1    | XOM: smoke on damage
 14702 | Orc:1    | Reached skill level 8 in Long Blades
 15023 | D:11     | XOM: noise
 15072 | Orc:2    | Noticed an ettin
 15271 | Orc:1    | Killed an ettin
 15301 | Orc:1    | XOM: silly message
 15302 | Orc:1    | XOM: give mutation
 15302 | Orc:1    | Gained mutation: You have a pair of small horns on your
                  | head. [Xom's grace]
 15429 | Orc:2    | XOM: smoke on damage
 15581 | Orc:2    | XOM: summons 3 hostile shadow creatures
 15586 | Orc:1    | XOM: silly message
 15702 | Orc:2    | XOM: summons friendly white imp
 15704 | Orc:2    | Reached skill level 9 in Long Blades
 15729 | Orc:2    | XOM: polymorph white imp -> quasit
 15773 | Orc:2    | Killed a two-headed ogre
 15923 | Orc:2    | Found Xosteane's General Store.
 15923 | Orc:2    | Found Atsanywk's Armour Boutique.
 15928 | Orc:2    | Bought a scroll of blinking for 112 gold pieces
 15928 | Orc:2    | Bought a ration for 75 gold pieces
 15945 | Orc:2    | Noticed an ogre mage
 15946 | Orc:2    | Noticed a two-headed ogre
 15947 | Orc:2    | Noticed a two-headed ogre
 15954 | Orc:2    | Killed an ogre mage
 15954 | Orc:2    | Mutation became permanent: You have large cloven feet.
                  | [demonic ancestry]
 15954 | Orc:2    | Gained mutation: You have hoof-like feet. [demonic
                  | ancestry]
 15954 | Orc:2    | Reached XP level 13. HP: 121/121 MP: 15/15
 15956 | Orc:2    | XOM: enchant monster (bad)
 15965 | Orc:2    | Reached skill level 10 in Long Blades
 15973 | Orc:2    | XOM: enchant monster (good)
 15996 | Orc:2    | XOM: cleaving
 15998 | Orc:2    | XOM: summons 3 hostile demons
 16000 | Orc:2    | XOM: chaos upgrade
 16079 | Orc:2    | XOM: swap monsters
 16146 | Orc:1    | XOM: confuse monster(s)
 16304 | Orc:2    | Found a roughly hewn altar of Beogh.
 16404 | Orc:2    | Found Zourio's Assorted Antiques.
 16404 | Orc:2    | Found Japsyjig's Weapon Emporium.
 16518 | Orc:2    | Bought a +0 plate armour of fire resistance for 360 gold
                  | pieces
 16652 | Lair:1   | Entered Level 1 of the Lair of Beasts
 17461 | Lair:2   | XOM: cast spell 'Summon Ice Beast'
 17466 | Lair:2   | Reached skill level 11 in Long Blades
 17473 | Lair:2   | Noticed Erica
 17480 | Lair:2   | Killed Erica
 17794 | Lair:2   | Noticed Gastronok
 17806 | Lair:2   | XOM: 3-stop teleportation journey
 17870 | Lair:2   | XOM: noise
 17965 | Lair:2   | Found a hole to the Spider Nest.
 18053 | Lair:2   | XOM: summons 7 hostile demons
 18064 | Lair:2   | Reached skill level 12 in Long Blades
 18116 | Lair:2   | Found a staircase to the Shoals.
 18363 | Lair:2   | XOM: stat loss: -1 Int (19/20)
 18378 | Lair:2   | XOM: summons 1 hostile shadow creature
 18393 | Lair:2   | XOM: blink monster(s)
 18398 | Lair:2   | XOM: potion effect (brilliance)
 18401 | Lair:2   | Killed Gastronok
 18422 | Lair:2   | XOM: divination: magic mapping
 18535 | Lair:3   | You fall into a shaft and drop 3 floors!
 18535 | Lair:6   | Entered Level 6 of the Lair of Beasts
 18825 | Lair:5   | XOM: silly message
 18859 | Lair:5   | XOM: divination: detect items
 18862 | Lair:5   | XOM: potion effect (stabbing)
 18864 | Lair:5   | Reached skill level 13 in Long Blades
 18977 | Lair:5   | Gained mutation: You have hooves in place of feet. [demonic
                  | ancestry]
 18977 | Lair:5   | Reached XP level 14. HP: 118/129 MP: 16/16
 19213 | Lair:5   | Noticed Snorg
 19220 | Lair:5   | Killed Snorg
 19318 | Lair:5   | XOM: give mutation
 19318 | Lair:5   | Gained mutation: You can translocate small distances at
                  | will. [Xom's grace]
 19340 | Lair:5   | Noticed Rupert
 19349 | Lair:5   | Killed Rupert
 19659 | Lair:4   | XOM: divination: detect creatures
 19706 | Lair:4   | XOM: god gift: lightning rod (4/4)
 19711 | Lair:4   | XOM: 4-stop teleportation journey
 19829 | Lair:4   | XOM: cloud trail
 19897 | Lair:4   | XOM: give mutations
 19897 | Lair:4   | Lost mutation: You are resistant to electric shocks.
                  | (rElec) [Xom's mischief]
 19897 | Lair:4   | Lost mutation: You are very agile. (Dex +4) [Xom's
                  | mischief]
 19897 | Lair:4   | Lost mutation: You have a pair of small horns on your head.
                  | [Xom's mischief]
 19910 | Lair:4   | XOM: give mutations
 19910 | Lair:4   | Gained mutation: You are extremely robust. (+30% HP) [Xom's
                  | grace]
 19910 | Lair:4   | Gained mutation: You are resistant to electric shocks.
                  | (rElec) [Xom's grace]
 19910 | Lair:4   | Lost mutation: You are somewhat resistant to further
                  | mutation. [Xom's grace]
 19910 | Lair:4   | Gained mutation: You evolve. [Xom's grace]
 19916 | Lair:4   | Reached skill level 1 in Evocations
 19958 | Lair:4   | XOM: god gift: scroll of amnesia
 20244 | Lair:4   | XOM: destruction
 20327 | Lair:4   | XOM: 2-stop teleportation journey
 20377 | Lair:3   | XOM: potion effect (might)
 20902 | Lair:3   | Reached skill level 5 in Shields
 20906 | Lair:3   | XOM is BORED!
 20906 | Lair:3   | XOM: silly message
 21151 | Lair:4   | XOM is BORED!
 21151 | Lair:4   | XOM: noise
 21311 | Lair:6   | XOM: 1-stop teleportation journey
 21519 | Lair:6   | Got a scintillating turquoise ring
 21520 | Lair:6   | Identified the ring of Checkmate {rCorr Int+4 Stlth-} (You
                  | found it on level 6 of the Lair of Beasts)
 21613 | Lair:6   | Found a runed translucent door.
 21613 | Lair:6   | Found a viscous altar of Jiyva.
 21615 | Lair:6   | Found a staircase to the Slime Pits.
 21630 | Lair:6   | XOM: 1-stop teleportation journey
 21634 | Lair:6   | XOM: noise
 21637 | Lair:6   | XOM: cast spell 'Olgreb's Toxic Radiance'
 21727 | Lair:6   | XOM: noise
 21735 | Lair:6   | Noticed Kirke
 21735 | Lair:6   | XOM: confusion (+ monsters)
 21739 | Lair:6   | Reached skill level 14 in Long Blades
 21783 | Lair:6   | XOM: confusion (+ monsters)
 21799 | Lair:6   | XOM: silly message
 21800 | Lair:6   | XOM: blink monster(s)
 21819 | Lair:6   | XOM: enchant monster (good)
 21825 | Lair:6   | Killed Kirke
 21825 | Lair:6   | Reached skill level 10 in Fighting
 21825 | Lair:6   | Reached skill level 10 in Armour
 21825 | Lair:6   | XOM: divination: detect creatures
 21927 | Lair:6   | XOM: confuse monster(s)
 22001 | Lair:6   | XOM: divine lightning
 22029 | Lair:6   | XOM: polymorph elephant -> salamander
 22034 | Lair:6   | XOM: scenery: create altars
 22120 | Lair:6   | XOM: 1-stop teleportation journey
 22239 | Lair:6   | XOM: divine lightning
 22242 | Lair:6   | XOM: destruction
 22252 | Lair:6   | XOM: fog
 22280 | Lair:6   | XOM: god gift: short smoking staff {god gift}
 22289 | Lair:6   | Gained mutation: You resist negative energy. (rN+) [demonic
                  | ancestry]
 22289 | Lair:6   | Reached XP level 15. HP: 83/150 MP: 22/22
 23201 | Lair:4   | XOM: cloud trail
 23250 | Spider:1 | Entered Level 1 of the Spider Nest
 23314 | Spider:1 | Reached skill level 5 in Evocations
 23330 | Spider:1 | XOM: summons 5 friendly demons
 23504 | Spider:1 | XOM: enchant monster (good)
 23543 | Spider:1 | Noticed a ghost moth
 23556 | Spider:1 | Killed a ghost moth
 23638 | Spider:1 | XOM: 1-stop teleportation journey
 23951 | Spider:1 | XOM: god gift: runed demon trident {god gift}
 23957 | Spider:1 | XOM: polymorph jumping spider -> guardian serpent
 24520 | Spider:2 | XOM: 2-stop teleportation journey
 24548 | Spider:2 | XOM: smoke on damage
 24554 | Spider:2 | HP: 2/228 [wolf spider (10)]
 24554 | Spider:2 | Mangled by an entropy weaver

Illustrated notes

Levels and vault maps discovered:
D:1:      dpeg_arrival_long_road, layout_basic, minivault_23
D:2:      layout_basic, old_standard_altar, uniq_robin
D:3:      layout_basic, grunt_temple_overflow_opulence, minivault_14
D:4:      layout_rooms, lemuel_coloured_pillars_altar, fedhas_altar_1
D:5:      kennysheep_windowed_halls, layout_rooms,
          minmay_temple_entry_drinking_statues, first_ration, eino_tiny_chamber,
          vehumet_altar_wand_db
D:6:      layout_cave_pools, overflow_temple_1_default, dk_xom_monty_hall
D:7:      layout_loops_ring, gammafunk_ghost_nasty_kobolds,
          kennysheep_generic_room_9, uniq_menkaure
D:8:      layout_loops_corners, lemuel_round_altar
D:9:      layout_loops_ring, kennysheep_mini, zin_treasury,
          chequers_temple_overflow_statue_of_worship, lair_entry_dummy
D:10:     layout_roguey, orc_0_dummy, grunt_tengu_nest, minmay_statues_item,
          uniq_harold
D:11:     layout_irregular_city, serial_shops, shop, uniq_psyche, uniq_maurice
D:12:     layout_roguey
Lair:1:   layout_cellular_growth, serial_bayou_shore_b
Lair:2:   beast_lair_carwin_large_4, layout_regular_city,
          elwin_shoals_entry_rooms, dummy_spider_entry, uniq_erica,
          uniq_gastronok
Lair:3:   layout_gridlike
Lair:4:   layout_cave_pods
Lair:5:   beast_lair_carwin_large_3, layout_loops_ring, uniq_rupert, uniq_snorg
Lair:6:   grunt_lair_end_beastmaster, layout_layer_cave, slime_altar_2,
          hangedman_lair_generics_rect, infiniplex_staircase_pool, uniq_kirke
Spider:1: layout_spider_delve, drop_trap
Spider:2: layout_spider_delve, gammafunk_ghost_cemetery
Orc:1:    layout_diamond_mine, mines1_david
Orc:2:    st_orc_town, layout_caves, basic_altar

Skill      XL: |  1  2  3  4  5  6  7  8  9 10 11 12 13 14 15 |
---------------+----------------------------------------------+-----
Dodging        | 1 2 3 4 6 7 |  7.0
Armour         | 2 3 4 5 6 7 8 9 10 | 10.8
Polearms       | 3 4 5 6 7 9 10 11 | 11.0
Fighting       | 4 5 6 7 8 9 10 | 10.9
Long Blades    | 5 9 13 14 | 14.3
Shields        | 1 4 6 7 |  7.1
Conjurations   | 3 |  3.0
Evocations     | 4 5 |  5.8

Action                   |  1- 3 |  4- 6 |  7- 9 | 10-12 | 13-15 || total
-------------------------+-------+-------+-------+-------+-------++-------
Melee: Spear             |    97 |   221 |   277 |   336 |       ||   931
       Kick              |       |    10 |    65 |   234 |   305 ||   614
       Demon blade       |       |       |       |   322 |   778 ||  1100
       Headbutt          |       |       |       |    10 |    88 ||    98
Evoke: Tin of tremorston |       |       |       |       |     3 ||     3
       Lightning rod     |       |       |       |       |     1 ||     1
  Use: Potion            |       |     6 |     3 |     4 |     8 ||    21
       Scroll            |       |     5 |     8 |    11 |     3 ||    27
 Stab: Paralysed         |     2 |     6 |       |     4 |       ||    12
       Petrifying        |       |     3 |     1 |       |       ||     4
       Petrified         |       |     3 |       |       |       ||     3
       Confused          |       |     1 |     1 |       |     3 ||     5
       Distracted        |       |       |       |     4 |       ||     4
  Eat: Chunk             |     2 |    10 |     8 |    25 |    27 ||    72
       Ration            |       |       |     1 |       |       ||     1
Armor: Scale mail        |    43 |    69 |    64 |    23 |       ||   199
       Leather armour    |     2 |       |       |       |       ||     2
       Troll leather arm |       |       |       |    82 |       ||    82
       Plate armour      |       |       |       |    12 |   371 ||   383
       Skin              |       |       |       |       |   139 ||   139
Dodge: Dodged            |    46 |    79 |    65 |   255 |   280 ||   725
Block: Other             |       |    12 |    27 |    43 |       ||    82
       Reflection        |       |     1 |     4 |    11 |       ||    16
       Buckler           |       |       |       |   116 |   385 ||   501
       Rpst.: Demon blade |       |       |       |    24 |    55 ||    79

Table legend:
 A = Non-vault XP
 B = Vault XP
 C = Vault XP percentage of total XP
 D = Non-vault monster count
 E = Vault monster count
 F = Vault count percentage of total count
                 A         B        C        D         E       F
            +---------+---------+-------+---------+---------+-------
      Total |   77802 |   47415 |  37.9 |     516 |     171 |  24.9
            +---------+---------+-------+---------+---------+-------
        D:1 |      18 |       0 |   0.0 |      11 |       0 |   0.0
        D:2 |     158 |      37 |  19.0 |      30 |      12 |  28.6
        D:3 |     231 |       0 |   0.0 |      36 |       0 |   0.0
        D:4 |     746 |       0 |   0.0 |      15 |       0 |   0.0
        D:5 |     682 |     418 |  38.0 |      20 |      15 |  42.9
        D:6 |     732 |      87 |  10.6 |      22 |       3 |  12.0
        D:7 |     196 |    1839 |  90.4 |       8 |      10 |  55.6
        D:8 |    2998 |       0 |   0.0 |      37 |       0 |   0.0
        D:9 |    5127 |       0 |   0.0 |      35 |       0 |   0.0
       D:10 |    3529 |    1654 |  31.9 |      30 |       2 |   6.2
       D:11 |    1738 |     873 |  33.4 |      20 |       2 |   9.1
       D:12 |    5911 |       0 |   0.0 |      31 |       0 |   0.0
     Lair:1 |    1588 |       0 |   0.0 |       5 |       0 |   0.0
     Lair:2 |    4612 |    6578 |  58.8 |      20 |      20 |  50.0
     Lair:3 |    6103 |     394 |   6.1 |      26 |       1 |   3.7
     Lair:4 |    3360 |       0 |   0.0 |      17 |       0 |   0.0
     Lair:5 |    3005 |    8564 |  74.0 |      13 |      12 |  48.0
     Lair:6 |   13151 |   17732 |  57.4 |      53 |      37 |  41.1
   Spider:1 |   15646 |       0 |   0.0 |      45 |       0 |   0.0
   Spider:2 |     944 |       0 |   0.0 |       4 |       0 |   0.0
      Orc:1 |    2193 |    3272 |  59.9 |      18 |      10 |  35.7
      Orc:2 |    5134 |    5967 |  53.8 |      20 |      47 |  70.1
            +---------+---------+-------+---------+---------+-------
